 Dungeon Crawl Stone Soup version 0.29.1-4-g47bece8355 (webtiles) character file.

Game seed: 2670786733947452764

2680 venomsnake the Fighter (level 9, -2/82 HPs)
             Began as a Minotaur Berserker on Dec 10, 2022.
             Was an Elder of Trog.
             Slain by a vampire (6 damage)
             ... on level 8 of the Dungeon.
             The game lasted 00:14:42 (8094 turns).

venomsnake the Fighter (Minotaur Berserker)         Turns: 8094, Time: 00:14:42

Health: -2/82      AC: 12    Str: 25    XL:     9   Next: 37%
Magic:  8/8        EV: 11    Int:  4    God:    Trog [****..]
Gold:   292        SH:  0    Dex: 11    Spells: 8/8 levels left

rFire   . . .      SeeInvis .   n - +0 war axe
rCold   . . .      Faith    .   (no shield)
rNeg    . . .      Spirit   .   k - +0 chain mail
rPois   .          Reflect  .   (helmet restricted)
rElec   .          Harm     .   (no cloak)
rCorr   +          Rampage  .   (no gloves)
Will    .....                   y - +0 pair of boots
Stlth   ..........              (no amulet)
HPRegen 0.23/turn               q - ring of resist corrosion
MPRegen 0.11/turn               (no ring)

@: no status effects
A: horns 2, retaliatory headbutt
a: Renounce Religion, Berserk, Trog's Hand, Brothers in Arms


You were on level 8 of the Dungeon.
You worshipped Trog.
Trog was greatly pleased with you.
You visited 1 branch of the dungeon, and saw 8 of its levels.

You collected 292 gold pieces.

Inventory:

Hand Weapons
 n - a +0 war axe (weapon)
Missiles
 i - 54 stones (quivered)
Armour
 k - a +0 chain mail (worn)
 y - a +0 pair of boots (worn)
Jewellery
 q - a ring of resist corrosion (left hand)
Wands
 b - a wand of iceblast (20)
 o - a wand of flame (17)
 w - a wand of charming (14)
Scrolls
 e - a scroll of vulnerability {unknown}
 g - a scroll of fear {unknown}
 l - 3 scrolls of blinking {unknown}
 m - a scroll of silence
 s - 4 scrolls of enchant armour {unknown}
 t - a scroll of magic mapping {unknown}
 x - 2 scrolls of butterflies {unknown}
 z - 2 scrolls of teleportation {unknown}
 B - a scroll of identify
 E - a scroll of poison {unknown}
 F - a scroll of torment {unknown}
 G - a scroll of summoning {unknown}
Potions
 a - 2 potions of haste {unknown}
 c - 2 potions of resistance {unknown}
 d - 5 potions of brilliance {unknown}
 f - 2 potions of cancellation {unknown}
 h - 5 potions of curing
 j - 2 potions of lignification {unknown}
 p - a potion of degeneration {unknown}
 r - a potion of berserk rage {unknown}
 u - a potion of might
 v - 2 potions of heal wounds {unknown}
 A - a potion of attraction {unknown}
 C - a potion of magic {unknown}
 D - 2 potions of mutation {unknown}


   Skills:
 + Level 8.6 Fighting
 + Level 8.5 Axes
 + Level 8.1 Armour
 + Level 7.3 Dodging


You had 8 spell levels left.
You didn't know any spells.
Your spell library was empty.

Dungeon Overview and Level Annotations

Branches:
Dungeon (8/15)             Temple (0/1) D:6
   Lair: D:8-11

Altars:
Ashenzari
Elyvilon
Gozag

Shops:
D:7 :


Innate Abilities, Weirdness & Mutations

You have a pair of horns on your head.
You reflexively headbutt those who attack you in melee.


Message History

The vampire flickers and vanishes!
Deactivating autopickup; reactivate with Ctrl-A.
No target in view!
No target in view!
You closely miss something. Something hits you. Something bites you.
Something draws strength from your injuries!
You closely miss something. Something hits you.
Something bites you but does no damage.
You barely miss something. Something hits you! Something bites you.
Something draws strength from your injuries!
You hit something. Your headbutt misses something.
You hear some strange, mumbled words.
Something tries to affect you, but you resist.
You closely miss something. You headbutt something.
Something hits you but does no damage. Something bites you!
Something draws strength from your injuries!
You closely miss something. Your headbutt misses something. Something hits you.
Something bites you!
Something draws strength from your injuries!
You miss something. Something hits you. Something bites you but does no damage.
You miss something. Your headbutt misses something.
Something hits you but does no damage. Something bites you!
Something draws strength from your injuries!
You slash something! Your headbutt misses something. Something hits you.
Something bites you but does no damage.
You miss something. Something hits you.
* * * LOW HITPOINT WARNING * * *
Something bites you.
* * * LOW HITPOINT WARNING * * *
Something draws strength from your injuries!
You barely miss something. Something hits you!
* * * LOW HITPOINT WARNING * * *
Something bites you but does no damage.
You hit something but do no damage. Your headbutt misses something.
Something hits you!
* * * LOW HITPOINT WARNING * * *
Something barely misses you.
You barely miss something. Something hits you but does no damage.
Something bites you.
You die...

.####.. .......
....... .......
....... . .......
..
......{#####...
.......@.......
#########......##
#.........#.#..#
####.####......#
#.# #.#.#.... #.#
.......## #.#
......... #<#
........##
#.............


There were no monsters in sight!

Vanquished Creatures
  A troll (D:7)
  Menkaure (D:6)
  A water moccasin (D:7)
  Duvessa (D:6)
  2 sky beasts
  An ogre (D:5)
  A black bear (D:4)
  A centaur (D:6)
  A phantom (D:5)
  Blork the orc (D:6)
  A kobold brigand (D:7)
  2 bullfrogs (D:6)
  2 necrophages
  2 scorpions
  Dowan (D:6)
  3 howler monkeys (D:7)
  2 hounds (D:7)
  2 jellies (D:6)
  4 orc priests
  Jessica (D:2)
  Ijyb (D:3)
  13 orc wizards
  5 iguanas
  Terence (D:2)
  A gnoll (D:6)
  9 adders
  A shadow imp (D:6)
  A white imp (D:5)
  An ufetubus (D:6)
  4 dart slugs
  22 orcs
  2 bats (D:2)
  8 endoplasms
  3 giant cockroaches
  10 goblins
  5 hobgoblins
  3 quokkas
  5 ball pythons
  A frilled lizard (D:1)
  12 kobolds
  6 rats
145 creatures vanquished.

Notes
Turn   | Place    | Note
-------+----------+-------------------------------------------
     0 | D:1      | venomsnake the Minotaur Berserker began the quest for the
                  | Orb.
     0 | D:1      | Reached XP level 1. HP: 19/19 MP: 0/0
   368 | D:1      | Reached XP level 2. HP: 27/27 MP: 1/1
   538 | D:1      | Found a faded altar of an unknown god.
   970 | D:2      | Noticed Terence
   977 | D:2      | Reached XP level 3. HP: 30/33 MP: 2/2
   985 | D:2      | Killed Terence
  1119 | D:2      | Reached ** piety under Trog
  1269 | D:2      | Noticed Jessica
  1279 | D:2      | Killed Jessica
  1280 | D:2      | Reached XP level 4. HP: 8/41 MP: 3/3
  2396 | D:3      | Reached XP level 5. HP: 42/47 MP: 4/4
  2501 | D:3      | Noticed Ijyb
  2514 | D:3      | Killed Ijyb
  2557 | D:3      | Reached skill level 5 in Fighting
  3365 | D:4      | Reached skill level 5 in Axes
  3378 | D:4      | Found a white marble altar of Elyvilon.
  3503 | D:4      | Reached XP level 6. HP: 54/56 MP: 5/5
  3514 | D:4      | Reached *** piety under Trog
  4337 | D:5      | Entered Level 5 of the Dungeon
  4353 | D:5      | Reached skill level 5 in Armour
  4353 | D:5      | Reached XP level 7. HP: 62/62 MP: 6/6
  4558 | D:5      | Reached skill level 5 in Dodging
  5578 | D:6      | Found a broken altar of Ashenzari.
  5582 | D:6      | Found a staircase to the Ecumenical Temple.
  5585 | D:6      | Reached XP level 8. HP: 71/71 MP: 7/7
  5628 | D:6      | Noticed Menkaure
  5638 | D:6      | Killed Menkaure
  5812 | D:6      | Noticed Blork the orc
  5820 | D:6      | Killed Blork the orc
  6091 | D:6      | Noticed Dowan
  6092 | D:6      | Noticed Duvessa
  6100 | D:6      | Killed Dowan
  6110 | D:6      | Killed Duvessa
  6405 | D:6      | Reached **** piety under Trog
  6729 | D:6      | Reached XP level 9. HP: 57/81 MP: 8/8
  7148 | D:7      | Found Tobeuzump's Vocational Training.
  7292 | D:7      | Noticed a troll
  7296 | D:7      | Killed a troll
  7310 | D:7      | Found an opulent altar of Gozag.
  8093 | D:8      | HP: 4/82 [something (10)]
  8094 | D:8      | Slain by a vampire

Illustrated notes

Levels and vault maps discovered:
D:1:      minmay_arrival_plants_in_alcoves, layout_loops_ring,
          basic_ecumenical_altar
D:2:      layout_loops_ring, chequers_serial_rivers_large_a,
          grunt_decor_one_mirror, uniq_terence, uniq_jessica
D:3:      layout_basic, kennysheep_cross_room, patterned_corridor, uniq_ijyb
D:4:      layout_loops_ring, elyvilon_altar_3
D:5:      layout_layer_cave, chequers_jeans
D:6:      minmay_flawed_box, layout_rooms, mainiacjoe_overflow_tiny_flanked,
          temple_statues, st_stairs_11, uniq_duvessa, uniq_menkaure,
          uniq_blork_the_orc
D:7:      layout_basic, grunt_gozag_breadcrumbs, nicolae_shop_vocational
D:8:      layout_basic, mainiacjoe_overflow_six_doors_small,
          nicolae_hepliaklqana_hazy_memory, serial_glass, glass_columns_b,
          glass_columns_a, glass_columns_c, glass_columns_a, uniq_maurice

Skill      XL: |  1  2  3  4  5  6  7  8  9 |
---------------+----------------------------+-----
Fighting       | 4 5 6 8 |  8.6
Axes           | 4 5 6 7 8 |  8.5
Armour         | 3 4 5 6 7 8 |  8.1
Dodging        | 3 4 5 6 7 |  7.3

Action                   |  1- 3 |  4- 6 |  7- 9 || total
-------------------------+-------+-------+-------++-------
Melee: Hand axe          |    41 |       |       ||    41
       Headbutt          |     9 |    14 |    42 ||    65
       War axe           |    21 |   129 |   217 ||   367
       Punch             |       |     3 |     2 ||     5
Invok: Berserk           |       |       |     1 ||     1
  Use: Scroll            |       |     2 |       ||     2
Armor: Animal skin       |     3 |       |       ||     3
       Chain mail        |    18 |    67 |   126 ||   211
Dodge: Dodged            |    42 |    66 |   104 ||   212
